[ AOE2 MATCH · #504886556 ]
UnrankedMagyars vs Byzantines
Player's team · LOSS
[ REPLAY ANALYSIS · EXTRACTED FROM THE RECORDED GAME ]
Feudal
8:55
Castle
21:10
Imperial
35:33
| APM avg | 119.2 |
| APM peak | 190 |
| eAPM avg | 65.5 |
| Villagers / military | 171 / 140 |
Focus
⚔️ 75.3% · 🌾 24.7%
Skirmisher ×124 · Trebuchet (Packed) ×8 · Militia ×3 · Spearman ×3 · Mangonel ×2
Feudal
8:51
Castle
22:35
Imperial
35:14
| APM avg | 66.9 |
| APM peak | 114 |
| eAPM avg | 31.5 |
| Villagers / military | 124 / 226 |
Focus
⚔️ 52.5% · 🌾 47.5%
Skirmisher ×159 · Archer ×26 · Camel Scout ×17 · Monk ×9 · Trebuchet (Packed) ×6 · Scout Cavalry ×5
Match map
Initial resources + every placement click. Lines = walls · curves = elevation contours. ◆ gold · ⬟ stone · ● berries · ✦ relic · ◌ wall gap
Your base· ✓ Closed at 21:10 · 26t walls · 1 gate(s)
TAG_MbL_'s base· Open — opponent sealed themselves in
Smoothed initial terrain · ◌ = detected wall gap · hover for details
Inputs per minute
— Skirmisher Timing - - TAG_MbL_
Build order — Skirmisher Timing
First 150 of 404 actions detected
| 0:01 | Create | Villager (Male) ×4 |
| 0:02 | Build | House |
| 0:02 | Build | House |
| 1:25 | Create | Villager (Male) |
| 2:00 | Build | Lumber Camp |
| 2:01 | Create | Villager (Male) |
| 2:21 | Create | Villager (Male) |
| 2:21 | Create | Villager (Male) |
| 2:41 | Create | Villager (Male) |
| 3:09 | Create | Villager (Male) |
| 3:32 | Create | Villager (Male) |
| 3:47 | Build | House |
| 3:49 | Create | Villager (Male) |
| 4:21 | Create | Villager (Male) |
| 4:42 | Create | Villager (Male) |
| 5:00 | Create | Villager (Male) |
| 5:00 | Create | Villager (Male) |
| 5:13 | Create | Villager (Male) |
| 5:13 | Create | Villager (Male) |
| 5:26 | Build | Barracks |
| 5:32 | Build | Barracks |
| 5:37 | Research | Loom |
| 5:39 | Research | Loom |
| 6:18 | Build | House |
| 6:45 | Research | Feudal Age |
| 6:45 | Research | Feudal Age |
| 6:56 | Build | Mining Camp |
| 7:00 | Create | Militia |
| 7:29 | Create | Militia |
| 7:46 | Create | Militia |
| 7:56 | Build | Mill |
| 8:15 | Build | House |
| 8:29 | Create | Villager (Male) |
| 8:55 | Age | Feudal Age |
| 8:57 | Research | Man-at-Arms (upgrade) |
| 9:14 | Create | Villager (Male) |
| 9:19 | Build | House |
| 9:23 | Build | Farm |
| 9:24 | Build | Farm |
| 9:26 | Build | Farm |
| 9:33 | Create | Villager (Male) |
| 9:49 | Research | Double-Bit Axe |
| 9:58 | Build | Farm |
| 10:08 | Create | Villager (Male) |
| 10:09 | Create | Villager (Male) |
| 10:14 | Build | Palisade Wall |
| 10:15 | Build | Palisade Wall |
| 10:25 | Research | Horse Collar |
| 10:28 | Create | Villager (Male) |
| 10:54 | Build | House |
| 10:55 | Build | Farm |
| 10:56 | Create | Villager (Male) |
| 10:57 | Create | Villager (Male) |
| 10:58 | Create | Villager (Male) |
| 11:17 | Create | Villager (Male) |
| 11:19 | Build | Farm |
| 11:26 | Build | House |
| 11:28 | Build | Palisade Wall |
| 11:38 | Create | Villager (Male) |
| 11:50 | Build | Archery Range |
| 12:12 | Research | Horse Collar |
| 12:20 | Build | Farm |
| 12:35 | Create | Skirmisher |
| 12:36 | Create | Villager (Male) |
| 12:45 | Build | House |
| 12:49 | Build | Palisade Wall |
| 12:53 | Create | Skirmisher |
| 12:53 | Create | Villager (Male) |
| 13:07 | Create | Skirmisher |
| 13:09 | Create | Villager (Male) |
| 13:11 | Build | Farm |
| 13:12 | Build | Farm |
| 13:31 | Create | Skirmisher |
| 13:32 | Create | Villager (Male) |
| 13:34 | Build | Farm |
| 13:50 | Create | Villager (Male) |
| 13:51 | Build | Farm |
| 13:59 | Create | Villager (Male) |
| 14:02 | Create | Skirmisher |
| 14:10 | Create | Villager (Male) |
| 14:13 | Build | Lumber Camp |
| 14:34 | Create | Villager (Male) |
| 14:35 | Build | Farm |
| 14:44 | Create | Villager (Male) |
| 14:48 | Build | House |
| 14:54 | Create | Skirmisher |
| 14:56 | Build | Farm |
| 14:58 | Create | Villager (Male) |
| 15:00 | Build | House |
| 15:01 | Build | Palisade Wall |
| 15:17 | Build | Farm |
| 15:17 | Create | Villager (Male) |
| 15:28 | Build | House |
| 16:14 | Create | Villager (Male) |
| 16:15 | Build | Farm |
| 16:16 | Build | Farm |
| 16:17 | Build | Farm |
| 16:33 | Build | House |
| 16:34 | Create | Villager (Male) |
| 16:36 | Build | House |
| 16:49 | Create | Spearman |
| 17:02 | Build | Palisade Gate |
| 17:03 | Build | Palisade Wall |
| 17:09 | Build | House |
| 17:13 | Create | Villager (Male) |
| 17:17 | Create | Skirmisher |
| 17:21 | Build | Blacksmith |
| 17:24 | Build | House |
| 17:31 | Build | House |
| 17:34 | Create | Skirmisher |
| 17:38 | Build | Farm |
| 17:55 | Build | Market |
| 17:56 | Create | Villager (Male) |
| 17:58 | Build | House |
| 18:16 | Research | Castle Age |
| 18:16 | Research | Castle Age |
| 18:26 | Research | Stone Mining |
| 18:41 | Build | Market |
| 18:45 | Build | House |
| 18:54 | Research | Fletching |
| 18:55 | Create | Skirmisher |
| 19:05 | Create | Skirmisher |
| 19:14 | Create | Skirmisher |
| 19:20 | Create | Skirmisher |
| 19:27 | Create | Skirmisher |
| 19:36 | Build | House |
| 19:37 | Build | House |
| 19:40 | Create | Skirmisher |
| 19:45 | Research | Padded Archer Armor |
| 19:47 | Create | Skirmisher |
| 20:27 | Create | Skirmisher |
| 20:42 | Build | Farm |
| 20:42 | Build | Farm |
| 20:42 | Build | Farm |
| 20:42 | Build | Farm |
| 20:42 | Build | Farm |
| 20:45 | Create | Spearman |
| 20:52 | Create | Spearman |
| 20:54 | Create | Villager (Male) |
| 21:10 | Age | Castle Age |
| 21:13 | Research | Bow Saw |
| 21:19 | Build | House |
| 21:21 | Research | Elite Skirmisher (upgrade) |
| 21:54 | Create | Villager (Male) |
| 22:01 | Create | Villager (Male) |
| 22:15 | Create | Villager (Male) |
| 22:19 | Build | Town Center |
| 22:19 | Create | Villager (Male) |
| 22:25 | Research | Bodkin Arrow |
| 22:29 | Create | Skirmisher |
Build order — TAG_MbL_
First 150 of 517 actions detected
| 0:00 | Create | Villager (Male) ×4 |
| 0:02 | Build | House |
| 0:02 | Build | House |
| 1:15 | Create | Villager (Male) |
| 1:52 | Build | Lumber Camp |
| 1:55 | Create | Villager (Male) |
| 2:18 | Create | Villager (Male) |
| 2:51 | Create | Villager (Male) |
| 3:06 | Create | Villager (Male) |
| 3:17 | Build | House |
| 3:18 | Build | House |
| 3:31 | Create | Villager (Male) |
| 4:08 | Create | Villager (Male) |
| 4:13 | Create | Villager (Male) |
| 4:36 | Create | Villager (Male) |
| 4:37 | Create | Villager (Male) |
| 4:38 | Create | Villager (Male) |
| 5:12 | Build | Mill |
| 5:56 | Research | Loom |
| 5:56 | Research | Loom |
| 6:38 | Research | Feudal Age |
| 7:05 | Build | Lumber Camp |
| 8:25 | Build | Barracks |
| 8:31 | Create | Villager (Male) |
| 8:34 | Build | Palisade Wall |
| 8:36 | Build | Palisade Wall |
| 8:49 | Create | Villager (Male) |
| 8:51 | Age | Feudal Age |
| 8:52 | Research | Double-Bit Axe |
| 8:53 | Research | Double-Bit Axe |
| 9:11 | Build | Archery Range |
| 9:19 | Build | House |
| 9:23 | Build | House |
| 9:24 | Create | Villager (Male) |
| 9:51 | Build | House |
| 9:53 | Create | Villager (Male) |
| 10:02 | Create | Archer |
| 10:07 | Create | Villager (Male) |
| 10:12 | Build | Mining Camp |
| 10:16 | Create | Villager (Male) |
| 10:21 | Build | House |
| 10:23 | Create | Villager (Male) |
| 10:33 | Create | Villager (Male) |
| 10:48 | Build | Palisade Wall |
| 10:50 | Create | Villager (Male) |
| 10:54 | Create | Archer |
| 10:55 | Create | Spearman |
| 10:57 | Create | Villager (Male) |
| 11:00 | Build | Palisade Wall |
| 11:01 | Build | Palisade Wall |
| 11:03 | Build | Palisade Wall |
| 11:04 | Build | Palisade Wall |
| 11:06 | Build | Palisade Wall |
| 11:08 | Create | Villager (Male) |
| 11:10 | Build | Palisade Wall |
| 11:12 | Build | Palisade Wall |
| 11:17 | Build | Palisade Wall |
| 11:18 | Build | Palisade Wall |
| 11:18 | Build | Palisade Wall |
| 11:23 | Build | Palisade Wall |
| 11:25 | Build | Palisade Wall |
| 11:25 | Build | Palisade Wall |
| 11:28 | Build | Palisade Wall |
| 11:29 | Build | Palisade Wall |
| 11:32 | Build | Palisade Wall |
| 11:34 | Create | Archer |
| 11:35 | Create | Villager (Male) |
| 11:40 | Create | Villager (Male) |
| 11:43 | Build | Palisade Wall |
| 11:44 | Build | Palisade Wall |
| 11:47 | Build | Palisade Wall |
| 11:52 | Build | Farm |
| 11:53 | Build | Farm |
| 11:56 | Build | Farm |
| 12:01 | Build | Palisade Wall |
| 12:08 | Build | Farm |
| 12:18 | Build | Farm |
| 12:21 | Create | Archer |
| 12:35 | Build | House |
| 12:39 | Build | Farm |
| 12:40 | Create | Villager (Male) |
| 12:55 | Build | Farm |
| 13:10 | Create | Villager (Male) |
| 13:11 | Build | Farm |
| 13:12 | Build | Farm |
| 13:12 | Create | Archer |
| 13:18 | Build | House |
| 13:25 | Create | Villager (Male) |
| 13:33 | Create | Villager (Male) |
| 13:36 | Create | Archer |
| 13:39 | Build | Farm |
| 13:49 | Create | Archer |
| 13:59 | Create | Villager (Male) |
| 14:09 | Build | Stable |
| 14:24 | Create | Villager (Male) |
| 14:28 | Create | Archer |
| 14:45 | Build | Farm |
| 14:48 | Build | Farm |
| 14:49 | Create | Villager (Male) |
| 14:53 | Create | Scout Cavalry |
| 14:53 | Create | Scout Cavalry |
| 15:02 | Build | House |
| 15:14 | Create | Archer |
| 15:15 | Create | Archer |
| 15:33 | Build | Blacksmith |
| 15:34 | Build | House |
| 15:41 | Create | Scout Cavalry |
| 16:05 | Create | Archer |
| 16:05 | Create | Archer |
| 16:06 | Create | Villager (Male) |
| 16:07 | Create | Villager (Male) |
| 16:14 | Create | Scout Cavalry |
| 16:16 | Create | Villager (Male) |
| 16:19 | Build | Farm |
| 16:32 | Create | Villager (Male) |
| 16:33 | Build | Farm |
| 16:35 | Create | Villager (Male) |
| 16:37 | Create | Archer |
| 16:45 | Research | Fletching |
| 17:02 | Research | Padded Archer Armor |
| 17:08 | Create | Archer |
| 17:10 | Create | Villager (Male) |
| 17:14 | Build | Mining Camp |
| 17:17 | Build | Farm |
| 17:18 | Research | Forging |
| 17:18 | Research | Forging |
| 17:24 | Create | Scout Cavalry |
| 17:26 | Create | Villager (Male) |
| 17:28 | Build | Archery Range |
| 17:38 | Create | Archer |
| 17:54 | Build | Farm |
| 17:57 | Build | House |
| 18:22 | Create | Villager (Male) |
| 18:29 | Create | Archer |
| 18:59 | Create | Villager (Male) |
| 19:03 | Build | Lumber Camp |
| 19:55 | Research | Castle Age |
| 20:11 | Create | Archer |
| 20:11 | Create | Archer |
| 20:12 | Create | Archer |
| 20:21 | Build | House |
| 20:29 | Create | Archer |
| 20:30 | Research | Padded Archer Armor |
| 20:31 | Research | Padded Archer Armor |
| 20:44 | Create | Archer |
| 20:45 | Create | Archer |
| 21:10 | Research | Scale Barding Armor |
| 21:10 | Research | Scale Barding Armor |
| 21:17 | Create | Villager (Male) |
| 21:20 | Create | Archer |
Match timeline
| 5:26 | Skirmisher Timing · first_building Barracks |
| 8:25 | TAG_MbL_ · first_building Barracks |
| 8:34 | TAG_MbL_ · wall_segment Palisade Wall x1 |
| 8:36 | TAG_MbL_ · wall_segment Palisade Wall x1 |
| 8:51 | TAG_MbL_ · age_up feudal |
| 8:55 | Skirmisher Timing · age_up feudal |
| 9:11 | TAG_MbL_ · first_building Archery Range |
| 10:14 | Skirmisher Timing · wall_segment Palisade Wall x1 |
| 10:15 | Skirmisher Timing · wall_segment Palisade Wall x1 |
| 10:48 | TAG_MbL_ · wall_segment Palisade Wall x1 |
| 11:00 | TAG_MbL_ · wall_segment Palisade Wall x1 |
| 11:01 | TAG_MbL_ · wall_segment Palisade Wall x1 |
| 11:03 | TAG_MbL_ · wall_segment Palisade Wall x1 |
| 11:04 | TAG_MbL_ · wall_segment Palisade Wall x1 |
| 11:06 | TAG_MbL_ · wall_segment Palisade Wall x1 |
| 11:10 | TAG_MbL_ · wall_segment Palisade Wall x1 |
| 11:12 | TAG_MbL_ · wall_segment Palisade Wall x1 |
| 11:17 | TAG_MbL_ · wall_segment Palisade Wall x1 |
| 11:18 | TAG_MbL_ · wall_segment Palisade Wall x1 |
| 11:18 | TAG_MbL_ · wall_segment Palisade Wall x1 |
| 11:23 | TAG_MbL_ · wall_segment Palisade Wall x1 |
| 11:25 | TAG_MbL_ · wall_segment Palisade Wall x1 |
| 11:25 | TAG_MbL_ · wall_segment Palisade Wall x1 |
| 11:28 | Skirmisher Timing · wall_segment Palisade Wall x7 |
| 11:28 | TAG_MbL_ · wall_segment Palisade Wall x1 |
| 11:29 | TAG_MbL_ · wall_segment Palisade Wall x1 |
| 11:32 | TAG_MbL_ · wall_segment Palisade Wall x1 |
| 11:43 | TAG_MbL_ · wall_segment Palisade Wall x1 |
| 11:44 | TAG_MbL_ · wall_segment Palisade Wall x1 |
| 11:47 | TAG_MbL_ · wall_segment Palisade Wall x2 |
| 11:50 | Skirmisher Timing · first_building Archery Range |
| 12:01 | TAG_MbL_ · wall_segment Palisade Wall x1 |
| 12:49 | Skirmisher Timing · wall_segment Palisade Wall x3 |
| 14:09 | TAG_MbL_ · first_building Stable |
| 15:01 | Skirmisher Timing · wall_segment Palisade Wall x13 |
| 17:03 | Skirmisher Timing · wall_segment Palisade Wall x1 |
| 21:10 | Skirmisher Timing · age_up castle |
| 22:35 | TAG_MbL_ · age_up castle |
| 27:19 | TAG_MbL_ · first_building Monastery |
| 27:38 | Skirmisher Timing · first_building Siege Workshop |
| 30:51 | TAG_MbL_ · first_building Castle |
| 35:14 | TAG_MbL_ · age_up imperial |
| 35:21 | Skirmisher Timing · first_building Castle |
| 35:33 | Skirmisher Timing · age_up imperial |
| 35:41 | Skirmisher Timing · first_market_buy 100 food |
| 41:44 | Skirmisher Timing · resign |
[ AI ANALYSIS · 1 CREDIT ]
What really happened in this match?
Wolo.gg analyzes every decision: build order, eco, micro, common mistakes by bracket. Personalized analysis on WhatsApp or Discord in 30 seconds.
Civ guide
Magyars
Perfil
Jugador #21914183